 Dungeon Crawl Stone Soup version 0.30-a0-12-gd8047c6341 (webtiles) character file.

Game seed: 18358135371877761267

130 Sobieck the Shooter (level 5, -2/24 (26) HPs)
             Began as a Vine Stalker Hunter on Aug 23, 2022.
             Slain by a river rat (5 damage)
             ... in a sewer.
             The game lasted 00:03:58 (2304 turns).

Sobieck the Shooter (Vine Stalker Hunter)           Turns: 2304, Time: 00:03:58

HP:   -2/24 (26)    AC:  4    Str: 14    XL:     5   Next: 14%
MP:   0/7           EV: 12    Int:  9    God:
Gold: 156           SH:  0    Dex: 19    Spells: 6/6 levels left

rFire   . . .      SeeInvis .    b - +1 short sword (freeze) {short}
rCold   . . .      Faith    .    (no shield)
rNeg    . . .      Spirit   +    c - +0 leather armour
rPois   .          Reflect  .    (no helmet)
rElec   .          Harm     .    (no cloak)
rCorr   .          Rampage  .    h - +0 pair of gloves
Will    .....                    (no boots)
Stlth   ++........               (no amulet)
HPRegen 0.88/turn                (no ring)
MPRegen 0.10/turn                (no ring)

@: drained
A: fangs 2, regeneration 1, magic shield, antimagic bite, no potion heal 2
a: no special abilities


You were in a sewer.
You visited 1 branch of the dungeon, and saw 3 of its levels.
You also visited: Sewer.

You collected 156 gold pieces.


Innate Abilities, Weirdness & Mutations

You have extremely sharp teeth.
Your natural rate of healing is unusually fast.
When hurt, damage is shared between your health and your magic reserves.
Your bite disrupts and absorbs the magic of your enemies.
Potions cannot restore your health.


   Skills:
 + Level 2.3 Fighting
 + Level 1.3 Short Blades
 * Level 4.4 Ranged Weapons
 - Level 1.5 Dodging
 + Level 2.5 Stealth
 - Level 1.0 Spellcasting
 + Level 1.5 Invocations


You had 6 spell levels left.
You didn't know any spells.
Your spell library contained the following spells:

 Spells                   Type           Power      Damage    Failure   Level
 Sublimation of Blood     Necr           0%         N/A       56%         2
 Petrify                  Tmut/Erth      0%         N/A       99%         4
 Irradiate                Conj/Tmut      0%         3d11      100%        5
 Iskenderun's Battlesphe  Conj           0%         2d6       100%        5
 Iron Shot                Conj/Erth      0%         9d1       100%        6
 Spellforged Servitor     Conj/Summ      0%         N/A       100%        7

Inventory:

Hand Weapons
 a - a +0 shortbow {bow}
 b - a +1 short sword of freezing (weapon) {short}
   (You took it off a kobold on level 1 of the Dungeon)
 g - a +0 dagger {short}
   (You took it off a kobold on level 1 of the Dungeon)
 p - the +7 quarterstaff of Pimn {protect, Str+2 Int+8, staff}
   (You found it on level 2 of the Dungeon)

   It grants its wielder temporary protection when it strikes (+7 to AC).
   Str:       It affects your strength (+2).
   Int:       It affects your intelligence (+8).
Missiles
 l - 14 stones {throwing}
 t - 6 poisoned darts {throwing}
Armour
 c - a +0 leather armour (worn)
 h - a +0 pair of gloves (worn)
   (You found it on level 1 of the Dungeon)
 i - a +0 robe
   (You found it on level 1 of the Dungeon)
 j - a +0 chain mail
   (You found it on level 1 of the Dungeon)
 o - a +0 chain mail
   (You found it on level 2 of the Dungeon)
 s - a +0 scale mail
   (You found it on level 2 of the Dungeon)
 v - a +0 leather armour
   (You took it off an orc on level 3 of the Dungeon)
Scrolls
 d - 2 scrolls of noise {unknown}
 e - a scroll of immolation {!r!r}
 f - a scroll of fog {unknown}
 m - a scroll of silence {unknown}
 n - 2 scrolls of blinking {unknown}
 q - a scroll of magic mapping {unknown}
 r - a scroll of amnesia {unknown}
 u - a scroll of teleportation {unknown}
Potions
 k - a potion of curing {@q1}

Dungeon Overview and Level Annotations

Branches:
Dungeon (3/15) Zot: 15726   Sewer (1/1) Zot: 5934

Altars:
Qazlal

#########
###~.~~~~.###
###~~..~@r~†..#
#.....##r##.~.~~
##†~~###~~~ ~..
#.~.## ~~~~~ ~
#.~.# ~~~~~.~ .
#~.~##.!!??!~# .~
##...###!∩?###~..
#~~~.~#####~~...
###~~~~.∩~~~..#


You could see a hell rat and a river rat.


Message History

You shoot an arrow. The arrow hits the river rat.
You shoot an arrow.
The arrow hits the river rat but does no damage.
You shoot an arrow. The arrow hits the river rat.
You shoot an arrow. The arrow hits the river rat!
You kill the river rat!
Unknown command.
Unknown command.
You enter the shallow water.
Moving in this stuff is going to be slow.
A rat comes into view.
Danger!
You shoot an arrow. The arrow hits the rat.
You kill the rat!
No target in view!
No target in view!
You enter the shallow water.
Moving in this stuff is going to be slow.
A rat comes into view.
Danger!
You shoot an arrow. The arrow closely misses the rat.
You shoot an arrow. The arrow barely misses the rat.
You shoot an arrow. The arrow hits the rat.
You shoot an arrow. The arrow barely misses the rat.
The rat closely misses you. The rat bites you but does no damage.
Your +1 short sword of freezing {short} glows with a cold blue light!
b - a +1 short sword of freezing (weapon)
{short} You hit the rat but do no damage.
You bite the rat, but do no damage. The rat bites you but does no damage.
Your unstable footing causes you to fumble your attack.
The rat barely misses you.
You hit the rat. You freeze the rat.
You kill the rat!
No target in view!
Your +1 short sword of freezing {short} stops glowing.
a - a +0 shortbow (weapon)
{bow} You enter the shallow water.
Moving in this stuff is going to be slow.
You enter the shallow water.
Moving in this stuff is going to be slow.
A rat comes into view.
Danger!
You shoot an arrow. The arrow hits the rat.
You kill the rat!
No target in view!
No target in view!
A rat comes into view.
Danger!
You shoot an arrow.
The arrow hits the rat but does no damage.
You shoot an arrow. The arrow hits the rat!
You kill the rat!
No target in view!
No target in view!
No target in view!
You enter the shallow water.
Moving in this stuff is going to be slow.
As you open the door, it creaks loudly!
A hell rat comes into view.
Found seven items.
Found a gate leading back out of this place.
Danger!
You shoot an arrow. The arrow closely misses the hell rat.
A river rat comes into view.
You shoot an arrow.
The arrow hits the hell rat but does no damage.
Your +1 short sword of freezing {short} glows with a cold blue light!
b - a +1 short sword of freezing (weapon)
{short} The hell rat barely misses you.
You closely miss the hell rat.
You bite the hell rat, but do no damage.
The hell rat misses you.
You hit the hell rat. You freeze the hell rat. The hell rat misses you.
The hell rat bites you!
You barely miss the hell rat. The river rat closely misses you.
The hell rat bites you!
Ouch! That really hurt!
* * * LOW HITPOINT WARNING * * *
You feel drained.
It was a potion of curing.
That felt strangely inert.
The river rat bites you but does no damage.
The hell rat bites you!
* * * LOW HITPOINT WARNING * * *
You feel drained.
* * * LOW HITPOINT WARNING * * *
Unknown command.
Unknown command.
You hit the hell rat but do no damage. You bite the hell rat.
You drain its power.
You feel invigorated. The hell rat barely misses you.
The river rat bites you but does no damage.
You barely miss the hell rat. The hell rat bites you.
* * * LOW HITPOINT WARNING * * *
The river rat completely misses you.
You hit the hell rat but do no damage.
You bite the hell rat, but do no damage.
The hell rat closely misses you. The river rat completely misses you.
The hell rat bites you.
Unknown command.
You barely miss the hell rat. The river rat bites you.
You die...

Skill      XL: |  1  2  3  4 |
---------------+-------------+-----
Ranged Weapons | 4 |  4.4
Fighting       | 2 |  2.3
Invocations    | 1 |  1.5
Stealth        | 2 |  2.5
Short Blades   | 1 |  1.3
Spellcasting   | 1 |  1.0
Dodging        | |  1.5

Action                   |  1- 3 |  4- 6 || total
-------------------------+-------+-------++-------
Melee: Bite              |     5 |    11 ||    16
       Dagger            |     2 |       ||     2
       Short sword       |    13 |    34 ||    47
 Fire: Shortbow          |    61 |    59 ||   120
  Use: Potion            |       |     1 ||     1
Armor: Leather armour    |     4 |    10 ||    14
Dodge: Dodged            |    13 |    30 ||    43

Levels and vault maps discovered:
D:1:      psy_arrival_dodecagon, layout_loops_corners, basic_ecumenical_altar
D:2:      cheibrodos_old_hovel, layout_loops_ring, basic_altar
D:3:      layout_loops_cross, portal_sewer_entry_f, serial_shops,
          nicolae_shop_temple_entry_statues_fountains, uniq_ijyb
Sewer:    sewer_hellmonk_bad_rat

Notes
Turn   | Place    | Note
-------+----------+-------------------------------------------
     0 | D:1      | Sobieck the Vine Stalker Hunter began the quest for the
                  | Orb.
     0 | D:1      | Reached XP level 1. HP: 11/11 MP: 2/2
   298 | D:1      | Reached XP level 2. HP: 15/15 MP: 3/3
   394 | D:1      | Found a faded altar of an unknown god.
   655 | D:1      | You pick up a book of Power and begin reading...
   655 | D:1      | You add the spells Iskenderun's Battlesphere, Iron Shot and
                  | Spellforged Servitor to your library.
   853 | D:1      | Reached skill level 4 in Ranged Weapons
   853 | D:1      | Reached XP level 3. HP: 18/18 MP: 4/4
  1330 | D:2      | Found a stormy altar of Qazlal.
  1347 | D:2      | Reached skill level 2 in Fighting
  1347 | D:2      | Reached skill level 1 in Invocations
  1350 | D:2      | Reached skill level 2 in Stealth
  1581 | D:2      | Identified the +7 quarterstaff of Pimn {protect, Str+2
                  | Int+8}
  1590 | D:2      | Reached skill level 1 in Short Blades
  1590 | D:2      | Gained mutation: Your natural rate of healing is unusually
                  | fast. [Vine Stalker growth]
  1590 | D:2      | Reached XP level 4. HP: 23/23 MP: 4/6
  1970 | D:2      | You pick up a book of Alchemy and begin reading...
  1970 | D:2      | You add the spells Sublimation of Blood, Petrify and
                  | Irradiate to your library.
  2013 | D:2      | You pick up a book of Power and begin reading...
  2120 | D:3      | Reached skill level 1 in Spellcasting
  2218 | D:3      | Found a glowing drain.
  2233 | D:3      | Reached XP level 5. HP: 23/26 MP: 5/7
  2248 | Sewer    | Entered a sewer
  2300 | Sewer    | HP: 3/25 [hell rat (6)]
  2302 | Sewer    | HP: 1/24 [hell rat (3)]
  2304 | Sewer    | Slain by a river rat

Vanquished Creatures
  An orc wizard (D:3)
  3 adders (D:2)
  A river rat (Sewer)
  2 dart slugs
  3 orcs
  3 ball pythons
  3 endoplasms
  3 giant cockroaches
  5 goblins
  5 hobgoblins
  7 quokkas
  5 bats
  4 frilled lizards
  9 kobolds
  11 rats
65 creatures vanquished.

Vanquished Creatures (others)
  3 plants (D:2)
3 creatures vanquished.

Grand Total: 68 creatures vanquished

Table legend:
 A = Non-vault XP
 B = Vault XP
 C = Vault XP percentage of total XP
 D = Non-vault monster count
 E = Vault monster count
 F = Vault count percentage of total count
                 A         B        C        D         E       F
            +---------+---------+-------+---------+---------+-------
      Total |     158 |      29 |  15.5 |      53 |      12 |  18.5
            +---------+---------+-------+---------+---------+-------
        D:1 |      41 |       0 |   0.0 |      24 |       0 |   0.0
        D:2 |      75 |       1 |   1.3 |      23 |       1 |   4.2
        D:3 |      42 |      10 |  19.2 |       6 |       5 |  45.5
      Sewer |       0 |      18 | 100.0 |       0 |       6 | 100.0
            +---------+---------+-------+---------+---------+-------

Illustrated notes

Table legend:
 A = Kills in this place as a percentage of kills in entire the game.
 B = Kills by you in this place as a percentage of kills by you in the entire game.
 C = Kills by friends in this place as a percentage of kills by friends in the entire game.
 D = Other kills in this place as a percentage of other kills in the entire game.
 E = Experience gained in this place as a percentage of experience gained in the entire game.
 F = Experience gained in this place divided by the number of levels of this place that you have seen.
                   A       B       C       D       E      F
               +-------+-------+-------+-------+-------+----------------------
         Total | 100.0 | 100.0 |   N/A |   N/A | 100.0 |  46.8
       Dungeon |  90.8 |  90.8 |   N/A |   N/A |  90.4 |  56.3
         Sewer |   9.2 |   9.2 |   N/A |   N/A |   9.6 |  18.0
               +-------+-------+-------+-------+-------+----------------------

Table legend: (Time is in decaauts)
 A = Elapsed time spent in this place.
 B = Non-inter-level travel time spent in this place.
 C = Inter-level travel time spent in this place.
 D = Time resting spent in this place.
 E = Time spent auto-exploring this place.
 F = Levels seen in this place.
 G = Mean time per level.
                   A        B        C        D        E       F      G
               +--------+--------+--------+--------+--------+-----+--------+
         Total |   2337 |   2247 |     90 |     21 |   1860 |   4 |  584.2 |
       Dungeon |   2273 |   2183 |     90 |     19 |   1840 |   3 |  757.7 |
         Sewer |     64 |     64 |      0 |      2 |     20 |   1 |   64.0 |
               +--------+--------+--------+--------+--------+-----+--------+

Top non-repeatable levels by time:
     D:1: 1293 daAuts
     D:2: 861 daAuts
     D:3: 118 daAuts
   Sewer: 64 daAuts
